 Dungeon Crawl Stone Soup version 0.29-a0-575-g0dc89cf053 (webtiles) character file.

Game seed: 14151721354425647899

112 porpoise the Skirmisher (level 4, 0/37 HPs)
             Began as a Demonspawn Fighter on June 13, 2022.
             Slain by an orc wizard
             ... wielding a +0 dagger
              (1 damage)
             ... on level 2 of the Dungeon.
             The game lasted 00:05:00 (1626 turns).

porpoise the Skirmisher (Demonspawn Fighter)        Turns: 1626, Time: 00:05:00

Health: 0/37       AC:  6    Str: 19    XL:     4   Next: 63%
Magic:  4/4        EV: 14    Int:  9    God:
Gold:   85         SH:  4    Dex: 12    Spells: 3/3 levels left

rFire   . . .      SeeInvis .   a - +0 trident
rCold   . . .      Faith    .   c - +0 buckler
rNeg    . . .      Spirit   .   b - +0 scale mail
rPois   .          Reflect  .   (helmet restricted)
rElec   .          Harm     .   (no cloak)
rCorr   .          Rampage  .   (no gloves)
Will    .....                   (no boots)
Stlth   ..........              (no amulet)
HPRegen 0.12/turn               (no ring)
MPRegen 0.09/turn               (no ring)

@: mighty, agile
A: horns 1, powered by pain 1
a: no special abilities


You were on level 2 of the Dungeon.
You visited 1 branch of the dungeon, and saw 3 of its levels.

You collected 85 gold pieces.

Inventory:

Hand Weapons
 a - a +0 trident (weapon)
Armour
 b - a +0 scale mail (worn)
 c - a +0 buckler (worn)
Scrolls
 e - a scroll of fear {unknown}
 f - a scroll of magic mapping {unknown}
 g - a scroll of identify {unknown}
 k - a scroll of immolation {unknown}
 l - a scroll of enchant weapon {unknown}
 n - a scroll of poison {unknown}
 o - a scroll of vulnerability {unknown}
Potions
 d - 2 potions of might
 h - a potion of lignification {unknown}
 i - a potion of heal wounds {unknown}
 j - a potion of resistance {unknown}
 m - a potion of magic {unknown}


   Skills:
 + Level 3.9 Fighting
 * Level 3.8 Polearms
 - Level 2.6 Armour
 - Level 2.6 Shields


You had 3 spell levels left.
You didn't know any spells.
Your spell library contained the following spells:

 Spells                   Type           Power      Damage    Failure   Level
 Ensorcelled Hibernation  Hex/Ice        0%         N/A       94%         2
 Passwall                 Tmut/Erth      0%         N/A       94%         2
 Swiftness                Air            0%         N/A       99%         3


Dungeon Overview and Level Annotations

Branches:
Dungeon (3/15)

Altars:


Innate Abilities, Weirdness & Mutations

You have a pair of small horns on your head.
You sometimes gain a little power by taking damage.


Message History

The orc priest calls down the wrath of Beogh upon you.
Beogh smites you!
You focus on the pain.
You feel agile all of a sudden.
There is a stone staircase leading up here.
The orc wizard hits you but does no damage.
In your confused state, you trip and fall back down the stairs.
The orc wizard casts a spell.
The orc wizard flickers and vanishes!
Deactivating autopickup; reactivate with Ctrl-A.
You feel less confused. The orc priest misses you. Something hits you.
You climb upwards.
Reactivating autopickup.
There is a stone staircase leading down here.
You hit the orc priest.
The orc priest is heavily wounded.
The orc priest mumbles some strange prayers to Beogh against you.
You barely resist. Something barely misses you.
You closely miss the orc priest.
The orc priest is heavily wounded.
The orc priest closely misses you. Something hits you but does no damage.
Deactivating autopickup; reactivate with Ctrl-A.
You closely miss the orc priest.
The orc priest is heavily wounded.
The orc priest closely misses you. Something hits you.
The orc priest mumbles some strange prayers to Beogh against you.
Pain shoots through your body!
* * * LOW HITPOINT WARNING * * *
You focus on the pain.
You feel very mighty all of a sudden. Something hits you but does no damage.
You puncture the orc priest!
You kill the orc priest!
Something hits you but does no damage.
You hear some strange, mumbled words.
A magic dart appears from out of thin air!
The magic dart hits you.
* * * LOW HITPOINT WARNING * * *
You barely miss something. Something hits you.
You die...

#..# #.........###
#...###
#..#########.#...###
#...# #...##
#..##>..#######
#.#..#
#####.####...##
#.##.# #...#..#
###..#### #.##.#
#...##.######....###
#.##.#
#....<..).....##.)..
#.##.#
#.<>....#####.#####.
#.##.#
#.)@{.............#.
#.##.#
####.###...##(......
##.##.# ##.#
#....#.......
#..##.# ##..#
###........##
####.###.#####..##
###........
#.....##.##....##
##....###
#.....##.#..####
#....# #
#.....#.......#
#....# #
#.....#.......# ###
#....#


There were no monsters in sight!

Vanquished Creatures
  An orc priest (D:2)
  Jessica (D:2)
  2 dart slugs (D:1)
  A worm (D:2)
  4 ball pythons
  7 bats
  5 endoplasms
  7 goblins
  6 hobgoblins
  A quokka (D:2)
  A frilled lizard (D:1)
  9 kobolds
  2 rats (D:2)
47 creatures vanquished.

Notes
Turn   | Place    | Note
-------+----------+-------------------------------------------
     0 | D:1      | porpoise the Demonspawn Fighter began the quest for the
                  | Orb.
     0 | D:1      | Reached XP level 1. HP: 18/18 MP: 1/1
    55 | D:1      | Gained mutation: You have a pair of small horns on your
                  | head. [demonic ancestry]
    55 | D:1      | Reached XP level 2. HP: 23/24 MP: 2/2
   246 | D:1      | Found a faded altar of an unknown god.
   463 | D:1      | Gained mutation: You sometimes gain a little power by
                  | taking damage. [demonic ancestry]
   463 | D:1      | Reached XP level 3. HP: 27/29 MP: 3/3
  1176 | D:2      | Noticed Jessica
  1186 | D:2      | Killed Jessica
  1187 | D:2      | Reached XP level 4. HP: 26/37 MP: 4/4
  1625 | D:2      | HP: 1/37 [something/magic dart (5)]
  1626 | D:2      | Slain by an orc wizard

Illustrated notes

Levels and vault maps discovered:
D:1:      dpeg_arrival_shelter, layout_loops_ring,
          shapermc_ecumenical_altar_ellora, minmay_tetromino_s2
D:2:      minmay_angry_zag, layout_rooms, uniq_jessica
D:3:      layout_rooms, slow_altar_2, lemuel_doored_altar

Skill      XL: |  1  2  3 |
---------------+----------+-----
Polearms       | 2 3 |  3.8
Fighting       | |  3.9
Armour         | |  2.6
Shields        | |  2.6

Action                   |  1- 3 |  4- 6 || total
-------------------------+-------+-------++-------
Melee: Trident           |   133 |    12 ||   145
       Headbutt          |    11 |     1 ||    12
Armor: Scale mail        |    49 |     8 ||    57
Dodge: Dodged            |    36 |     5 ||    41
Block: Buckler           |    28 |       ||    28

Table legend: (Time is in decaauts)
 A = Elapsed time spent in this place.
 B = Non-inter-level travel time spent in this place.
 C = Inter-level travel time spent in this place.
 D = Time resting spent in this place.
 E = Time spent auto-exploring this place.
 F = Levels seen in this place.
 G = Mean time per level.
                   A        B        C        D        E       F      G
               +--------+--------+--------+--------+--------+-----+--------+
         Total |   1661 |   1625 |     36 |    431 |    850 |   3 |  553.7 |
       Dungeon |   1661 |   1625 |     36 |    431 |    850 |   3 |  553.7 |
               +--------+--------+--------+--------+--------+-----+--------+

Top non-repeatable levels by time:
     D:2: 839 daAuts
     D:1: 806 daAuts
     D:3: 16 daAuts
